 Dungeon Crawl Stone Soup version 0.18-a0-1649-g8d9735b (webtiles) character file.

1006 Ijustatesigmund the Cutter (level 8, -1/52 HPs)
             Began as a Kobold Assassin on Mar 28, 2016.
             Slain by an orc
             ... wielding a +0 flail
              (4 damage)
             ... on level 5 of the Dungeon on Mar 29, 2016.
             The game lasted 00:17:08 (6505 turns).

Ijustatesigmund the Cutter (Kobold Assassin)        Turns: 6505, Time: 00:17:09

Health: -1/52      AC:  7    Str: 10    XL:     8   Next: 44%
Magic:  17/17      EV: 22    Int: 14    God:
Gold:   269        SH:  0    Dex: 22    Spells: 1 memorised, 5 levels left

rFire  . . .     SeeInvis .     s - +2 dagger (speed)
rCold  . . .     Gourm    .     c - +0 robe
rNeg   . . .     Faith    .     (shield restricted)
rPois  .         Spirit   .     l - +2 helmet
rElec  .         Dismiss  .     d - +0 cloak
rCorr  .         Reflect  .     (no gloves)
SustAt .         Harm     .     p - +0 pair of boots
MR     .....                    u - amulet of magic regeneration
Stlth  +++++.....               n - +3 ring of intelligence
                                h - ring of magical power

@: agile, hasted, repel missiles, very quick, not resistant to hostile
enchantments, quite stealthy
A: carnivore 3
a: no special abilities


You were on level 5 of the Dungeon.
You were completely stuffed.

You visited 2 branches of the dungeon, and saw 7 of its levels.

You collected 269 gold pieces.

Inventory:

Hand Weapons
 a - a +2 dagger
 b - a +1 blowgun
 s - a +2 dagger of speed (weapon)
Missiles
 e - 30 poisoned needles
 y - 7 tomahawks (quivered)
Armour
 c - a +0 robe (worn)
 d - a +0 cloak (worn)
 l - a +2 helmet (worn)
 p - a +0 pair of boots (worn)
Magical Staves
 B - an uncursed staff of death {unknown}
Jewellery
 h - a ring of magical power (left hand)
 n - a +3 ring of intelligence (right hand)
 u - an amulet of magic regeneration (around neck)
Wands
 w - a wand of slowing (16/48)
Scrolls
 f - a scroll of teleportation
 i - a scroll of fog
 k - 3 scrolls of immolation
 q - 2 scrolls of fear
 v - a scroll of remove curse
Potions
 m - a potion of degeneration {unknown}
 o - 2 potions of cancellation
 r - a potion of flight
Books
 x - a book of Air

   Spells                             Type                      Level
   a - Shock                          Conjuration/Air              1
   b - Swiftness                      Charms/Air                   2
   c - Repel Missiles                 Charms/Air                   2
   d - Static Discharge               Conjuration/Air              3
   e - Lightning Bolt                 Conjuration/Air              5
Comestibles
 g - 2 meat rations
 j - 3 beef jerkies


   Skills:
 + Level 6.5 Fighting
 + Level 7.5 Short Blades
 - Level 4.4 Throwing
 + Level 3.4 Dodging
 - Level 6.0 Stealth


You had 5 spell levels left.
You knew the following spells:

 Your Spells              Type           Power        Failure   Level  Hunger
a - Repel Missiles        Chrm/Air       #.....       43%         2    ###....


Dungeon Overview and Level Annotations

Branches:
Dungeon (6/15)             Temple (1/1) D:4

Altars:
Dithmenos
Elyvilon
Fedhas
Makhleb
Nemelex Xobeh
Okawaru
Pakellas
Qazlal
Ru
Sif Muna
Vehumet
Yredelemnul


Innate Abilities, Weirdness & Mutations

You are small and have problems with some larger weapons.
You are carnivorous and can eat meat at any time.


Message History

The orc priest is heavily wounded.
The orc hits you but does no damage.
Drink which item? (? for menu, Esc to quit)
You feel agile all of a sudden. The orc priest misses you.
The orc hits you with a flail!
* * * LOW HITPOINT WARNING * * *
The orc completely misses you.
You hit the orc priest but do no damage.
The orc priest is heavily wounded.
You hit the orc priest but do no damage.
The orc priest is heavily wounded.
The orc priest misses you. The orc hits you with a flail!
* * * LOW HITPOINT WARNING * * *
You hit the orc priest but do no damage.
The orc priest is heavily wounded.
The orc hits you but does no damage.
Drink which item? (? for menu, Esc to quit)
It was a potion of haste.
You feel yourself speed up. The orc priest closely misses you.
The orc hits you with a flail.
You die...

.# #.........## .#
#.###....># .#
#.###.....#
.###..##.#.#.# #
...........#.# #
###.###..###.#### #
#..#.....o.....#
##.#.#.####.#.o##
##### #....#####...o@#
#....
#.#........###o####..#
##### #.#.######.#
#........ ###...#
#.###.####### ))....#
#.....# #######
#.##.## #†##.# #.##..
############.##..#


You could see an orc priest and 2 orcs.

Vanquished Creatures
  An ice beast (D:4)
  A howler monkey (D:6)
  A gnoll shaman (D:5)
  4 hounds
  A jelly (D:6)
  3 orc priests
  Jessica (D:3)
  An iguana (D:5)
  5 orc wizards
  8 worker ants
  4 gnolls
  6 adders
  A howler monkey skeleton (D:4)
  2 oozes
  4 worms (D:2)
  5 giant geckos
  17 orcs
  6 giant cockroaches
  6 goblins
  11 hobgoblins
  2 jackals (D:2)
  7 kobolds
  2 quokkas (D:4)
  A ball python (D:2)
  4 bats
  A giant newt (D:1)
  A quokka zombie (D:6)
  10 rats
116 creatures vanquished.

Notes
Turn   | Place    | Note
--------------------------------------------------------------
     0 | D:1      | Ijustatesigmund the Kobold Assassin began the quest for the Orb.
     0 | D:1      | Reached XP level 1. HP: 12/12 MP: 1/1
    94 | D:1      | Reached skill level 3 in Short Blades
   135 | D:1      | Reached XP level 2. HP: 9/18 MP: 2/2
   356 | D:2      | Found a sparkling altar of Nemelex Xobeh.
   645 | D:1      | Reached XP level 3. HP: 22/22 MP: 3/3
  1114 | D:2      | Found a basalt altar of Yredelemnul.
  1189 | D:2      | Reached XP level 4. HP: 25/28 MP: 4/4
  1884 | D:2      | Reached skill level 4 in Short Blades
  1967 | D:3      | Noticed Jessica
  1981 | D:3      | Killed Jessica
  1981 | D:3      | Reached XP level 5. HP: 31/33 MP: 5/5
  2006 | D:3      | Found a white marble altar of Elyvilon.
  2153 | D:3      | Found a radiant altar of Vehumet.
  2696 | D:3      | Found a deep blue altar of Sif Muna.
  2921 | D:4      | Learned a level 2 spell: Repel Missiles
  3069 | D:4      | Found a staircase to the Ecumenical Temple.
  3080 | Temple   | Entered the Ecumenical Temple
  3258 | D:4      | Found a sacrificial altar of Ru.
  3275 | D:4      | Reached XP level 6. HP: 39/39 MP: 6/6
  3290 | D:4      | Reached skill level 5 in Short Blades
  3353 | D:5      | Entered Level 5 of the Dungeon
  4142 | D:4      | Reached XP level 7. HP: 28/44 MP: 7/7
  4151 | D:4      | Reached skill level 5 in Fighting
  4373 | D:4      | Reached skill level 6 in Short Blades
  5139 | D:5      | Upgraded the game from 0.18-a0-1643-gb89d9db to 0.18-a0-1649-g8d9735b
  5545 | D:5      | Reached XP level 8. HP: 26/51 MP: 8/8
  5937 | D:6      | Reached skill level 7 in Short Blades
  5987 | D:6      | Found a burning altar of Makhleb.
  6505 | D:5      | Slain by an orc

Vault maps used:
D:1:      scummos_arrival_hexagon, minmay_crystal_room, st_stairs_10
D:2:      lemuel_doored_altar, nemelex_xobeh_ov_fountains_minmay
D:3:      lemuel_blue_sif_altar, fiery_altar_vehumet, old_standard_altar,
          first_bread, kennysheep_big_empty_room, uniq_jessica
D:4:      old_standard_altar, temple_fountains
D:5:      old_standard_altar, kennysheep_decorative_pillar, st_stairs_7,
          kennysheep_diamond
D:6:      nicolae_overflow_crystal_walls, serial_shops, nicolae_shop_stone
Temple:   circular_temple_6

Skill      XL: |  1  2  3  4  5  6  7  8 |
---------------+-------------------------+-----
Short Blades   | 3 4 5 6 7 |  7.5
Stealth        | 6 |  6.0
Fighting       | 3 4 5 6 |  6.5
Throwing       | 3 4 |  4.4
Dodging        | 2 3 |  3.4

Action                   |  1- 3 |  4- 6 |  7- 9 || total
-------------------------+-------+-------+-------++-------
Melee: Dagger            |   113 |   243 |   261 ||   617
 Fire: Blowgun           |     7 |    45 |     9 ||    61
Throw: Tomahawk          |       |     2 |    12 ||    14
 Cast: Repel Missiles    |       |     1 |       ||     1
  Use: Scroll            |     6 |     6 |     3 ||    15
       Potion            |       |     2 |     4 ||     6
 Stab: Sleeping          |    10 |     7 |    10 ||    27
  Eat: Chunk             |     2 |    15 |     9 ||    26
